Cogmind - Beta 13 @@@ ROGUE MODE // 2024.04.27 @ 23:01:47 Player: f_ Result: Destroyed by 7J-W6M(R) with Subdweller Laser Performance ------------- Evolutions (0) 0 Regions Visited (3) 600 Robots Destroyed (26) 130 Value Destroyed (583) 583 Prototype IDs (3) 60 Alien Tech Used (0) 0 Bonus (0) 0 TOTAL SCORE: 1373 Bonus ------- None Cogmind --------- Core Integrity 0/250 Matter 10/300 Energy 99/100 System Corruption 0% Temperature Cool (6) Movement Rolling (110) Location -10/Subcaves Parts ------- > --- POWER (1) -------- (None) > --- PROPULSION (2) --- Subdweller Monowheel > --- UTILITY (2) ------ Hacking Suite > --- WEAPON (2) ------- Assault Rifle > --- INVENTORY (5) ---- Flight Unit Signal Interpreter Peak State ------------ > --- POWER ------------ Light Nuclear Core > --- PROPULSION ------- Light Treads Wheel > --- UTILITY ---------- Small Storage Unit Hacking Suite > --- WEAPON ----------- EM Pulse Gun Medium Laser > --- INVENTORY -------- Ion Engine Light Ion Engine Small Storage Unit Sensor Array Signal Interpreter Assault Rifle [Rating: 11] Favorites ----------- Power Ion Engine Engine Ion Engine Power Core Light Nuclear Core Propulsion Wheel Treads Light Treads Wheel Wheel Flight Unit Flight Unit Utility Hacking Suite Device Sensor Array Storage Small Storage Unit Hackware Hacking Suite Protection Weapon Shielding Weapon Medium Laser Energy Gun Medium Laser Ballistic Gun Assault Rifle Launcher Rocket Launcher Build | -11 -10 -10 -10 ------- Run | Yrd Mat Min Sub Slots Evolved . | . . . . Power . | . . . . Propulsion . | . . . . Utility . | . . . . Weapon . | . . . . Parts Attached 27 | 7 8 6 6 Power 4 | 1 1 1 1 Engine 3 | 1 . 1 1 Core 1 | . 1 . . Reactor . | . . . . Propulsion 7 | 2 1 3 1 Treads 1 | 1 . . . Leg . | . . . . Wheel 3 | 1 1 . 1 Hover . | . . . . Flight 3 | . . 3 . Utility 5 | 1 3 1 . Device 1 | . . 1 . Storage 2 | 1 1 . . Processor . | . . . . Hackware 1 | . 1 . . Protection 1 | . 1 . . Artifact . | . . . . Weapon 11 | 3 3 1 4 Energy Gun 6 | 2 3 . 1 Energy Cannon . | . . . . Ballistic Gun 3 | 1 . . 2 Ballistic Cannon . | . . . . Launcher 2 | . . 1 1 Special Weapon . | . . . . Impact Weapon . | . . . . Slashing Weapon . | . . . . Piercing Weapon . | . . . . Special Melee Weapon . | . . . . Unidentified Prototypes . | . . . . Parts Lost 13 | . 3 2 8 Power 3 | . . 1 2 Propulsion 4 | . 2 . 2 Utility 1 | . . . 1 Weapon 5 | . 1 1 3 Highest Loss Streak 4 | . 2 2 4 To Critical Strikes . | . . . . Average Slot Usage (%) 86 | . 92 83 75 Engine 9 | . 9 12 10 Core 3 | . 4 1 . Treads 5 | . 9 . . Wheel 11 | . 12 2 10 Flight 3 | . . 22 3 Device 4 | . . 10 14 Storage 9 | . 14 3 . Hackware 11 | . 9 14 14 Protection 2 | . 3 . . Energy Gun 15 | . 18 14 9 Ballistic Gun 5 | . 8 . . Launcher 3 | . . 1 12 Naked Turns . | . . . . Heaviest Build 16 | 14 15 10 16 Greatest Support 20 | 20 20 10 20 Greatest Overweight (x) 4 | 1 4 2 2 Average Overweight (x) . | . 1 . . Largest Inventory Capacity 8 | 8 8 8 5 Average Capacity 6 | 6 8 5 5 Most Carried 6 | 2 6 5 5 Average Carried 4 | . 4 4 4 Final Capacity 8 | 8 8 5 5 Final Carried 6 | 2 6 5 2 Class Distribution -------------------- 69% | Mutant 30% | Scavenger-Mutant Dominant Class ---------------- Mutant | -10/Materials Scavenger-Mutant | -10/Mines Scavenger-Mutant | -10/Subcaves Resources | -11 -10 -10 -10 ----------- Run | Yrd Mat Min Sub Matter Collected 593 | 73 350 60 110 Remotely . | . . . . Salvage Created 804 | . 561 75 168 Parts 60 | . 39 10 11 Haulers Intercepted 1 | . 1 . . Recyclers Shooed . | . . . . Parts Field Recycled . | . . . . Retrieved Matter . | . . . . Parts Self-Destructed . | . . . . Prevented . | . . . . Kills | -11 -10 -10 -10 ------- Run | Yrd Mat Min Sub Combat Hostiles Destroyed 17 | . 10 3 4 Guns 11 | . 9 2 . AOE 5 | . . 1 4 Classes Destroyed 10 | . 6 2 2 Builder 1 | . . 1 . Tunneler 1 | . . 1 . Hauler 1 | . 1 . . Mechanic 1 | . 1 . . Operator 2 | . 2 . . Watcher 3 | . 3 . . Swarmer 6 | . 3 3 . Grunt 7 | . 7 . . Sentry 1 | . . . 1 Subdweller 3 | . . . 3 Best Kill Streak 5 | . 5 3 2 Combat Bots Only 4 | . 4 3 2 Max Kills in Single Turn 2 | . 1 2 1 Gunslinging . | . . . . Exploded 1 | . . 1 1 Melee . | . . . . Uniques/NPCs Destroyed . | . . . . Combat | -11 -10 -10 -10 -------- Run | Yrd Mat Min Sub Hostile Shots Fired 99 | . 69 9 21 Missed 27 | . 16 2 9 Damage Taken 1106 | . 585 74 447 Core 252 | . 142 19 91 Absorbed by Shields . | . . . . Redirected to Shielding 24 | . 24 . . Core Remaining (%) 100 | 100 . . . Volleys Fired 116 | . 57 7 52 Largest 2 | . 2 1 1 Hottest 90 | . 90 40 50 Shots Fired 142 | . 83 7 52 Gun 120 | . 83 5 32 Cannon . | . . . . Launcher 22 | . . 2 20 Special . | . . . . Kinetic 46 | . 28 . 18 Thermal 39 | . 11 . 28 Explosive 8 | . . 2 6 Electromagnetic 49 | . 44 5 . Robot Hit Streak 26 | . 8 4 26 Robot Miss Streak 3 | . 3 1 1 Penetration Max . | . . . . Secondary Targets 1 | . 1 . . Max Gunslinging Chain 1 | . 1 . . Shots Hit Robots 98 | . 54 5 39 Core Hits 42 | . 23 5 14 Critical Kills . | . . . . Critical Parts Destroyed . | . . . . Critical Strikes 3 | . . . 3 Burn 3 | . . . 3 Melee Attacks . | . . . . Impact . | . . . . Slashing . | . . . . Piercing . | . . . . Sneak Attacks . | . . . . Combat Hostiles . | . . . . Follow-up Attacks . | . . . . Damage Inflicted 1993 | . 713 177 1103 Guns 1151 | . 713 49 389 Cannons . | . . . . Explosions 842 | . . 128 714 Melee . | . . . . Ramming . | . . . . Kinetic 937 | . 233 . 704 Thermal 462 | . 79 45 338 Explosive 144 | . . 83 61 Electromagnetic 450 | . 401 49 . Impact . | . . . . Slashing . | . . . . Piercing . | . . . . Highest Corruption . | . . . . Average Corruption . | . . . . Corruption Purged . | . . . . Corruption Blocked . | . . . . Overload Shots . | . . . . Overflow Damage 82 | . . 4 78 Projectiles . | . . . . Explosions 82 | . . 4 78 Melee . | . . . . Knockbacks . | . . . . Impact . | . . . . Kinetic . | . . . . Secondary . | . . . . Self-Inflicted Damage 153 | . . 15 138 Shots 5 | . . 1 4 Rammed . | . . . . Targets Rammed . | . . . . Kicked . | . . . . Crushed . | . . . . Highest Temperature 147 | . 147 23 . Average Temperature 32 | . 33 10 . Received Heat Transfer 312 | . 243 . 69 Siege Activations . | . . . . Robots Corrupted 1 | . 1 . . Combat Hostiles 1 | . 1 . . Parts Fried 4 | . 4 . . Impact Corruptions . | . . . . Robots Melted . | . . . . Combat Hostiles . | . . . . Parts Melted . | . . . . Heat Transferred 1482 | . 211 50 1221 Parts Sabotaged . | . . . . Parts Stolen . | . . . . Parts Stripped . | . . . . Power Chain Reactions 1 | . . 1 . Alert | -11 -10 -10 -10 ------- Run | Yrd Mat Min Sub Peak Influence 171 | . 171 70 . Initial . | . . . . Average 82 | . 91 50 . Maximum Alert Level . | . . . . Low Security (%) 100 | 100 100 100 . Level 1 . | . . . . Level 2 . | . . . . Level 3 . | . . . . Level 4 . | . . . . Level 5 . | . . . . High Security . | . . . . Max Security . | . . . . Squads Dispatched 1 | . 1 . . Investigation . | . . . . Extermination . | . . . . Reinforcement 1 | . 1 . . Assault . | . . . . Garrison . | . . . . Intercept . | . . . . Searches Triggered . | . . . . Construction Impeded . | . . . . Haulers Reinforced . | . . . . Active Scanning Responses . | . . . . Cargo Convoy Interrupts . | . . . . Stealth | -11 -10 -10 -10 --------- Run | Yrd Mat Min Sub Distress Signals 3 | . 2 1 . Communications Jammed . | . . . . Distress Signals . | . . . . Times Spotted 30 | . 16 8 6 Peak Tracking Total 10 | . 4 10 3 Tactical Retreats 4 | . 1 2 1 Traps | -11 -10 -10 -10 ------- Run | Yrd Mat Min Sub Traps Triggered 3 | . 1 . 2 Indirectly . | . . . . Trap Hack Attempts . | . . . . Triggered . | . . . . Disarmed . | . . . . Reprogrammed . | . . . . Reused . | . . . . Traps Extracted . | . . . . Installed . | . . . . Triggered . | . . . . Machines | -11 -10 -10 -10 ---------- Run | Yrd Mat Min Sub Machines Disabled . | . . . . Max in Single Turn . | . . . . Machines Repaired . | . . . . Machines Dismantled . | . . . . Machines Sabotaged . | . . . . Overloaded Fab Kills . | . . . . Hacking | -11 -10 -10 -10 --------- Run | Yrd Mat Min Sub Machines Accessed 7 | . 6 . 1 Terminals 6 | . 6 . . Fabricators . | . . . . Repair Stations . | . . . . Recycling Units . | . . . . Scanalyzers . | . . . . Garrison Access . | . . . . Total Hacks 19 | . 17 . 2 Successful 9 | . 7 . 2 Failed 9 | . 9 . . Catastrophic 1 | . 1 . . Database Lockouts 1 | . 1 . . Manual 10 | . 10 . . Terminals 17 | . 17 . . Fabricators . | . . . . Repair Stations . | . . . . Recycling Units . | . . . . Scanalyzers . | . . . . Garrison Access . | . . . . Terminal Hacks 8 | . 6 . 2 Record 2 | . . . 2 Robot Analysis 3 | . 3 . . Prototype ID Bank 1 | . 1 . . Terminal Index 1 | . 1 . . Alert Level 1 | . 1 . . Fabricator Hacks . | . . . . Repair Station Hacks . | . . . . Recycling Unit Hacks . | . . . . Scanalyzer . | . . . . Garrison Access Hacks . | . . . . Unauthorized Hacks 1 | . 1 . . Terminals 1 | . 1 . . Botnet 1 | . 1 . . Fabricators . | . . . . Repair Stations . | . . . . Recycling Units . | . . . . Scanalyzers . | . . . . Garrison Access . | . . . . Data Cores Recovered 1 | . 1 . . Used 1 | . 1 . . Hacking Detections 5 | . 5 . . Full Trace Events . | . . . . Feedback Events . | . . . . Feedback Blocked . | . . . . Robot Schematics Acquired . | . . . . Robots Built . | . . . . Authchips . | . . . . Time . | . . . . Total Robot Build Rating . | . . . . Part Schematics Acquired . | . . . . Parts Built . | . . . . Authchips . | . . . . Time . | . . . . Total Part Build Rating . | . . . . Parts Repaired . | . . . . Time . | . . . . Parts Recycled . | . . . . Recycled Matter . | . . . . Retrieved Matter . | . . . . Retrieved Components . | . . . . Parts Scanalyzed . | . . . . Part Schematics Acquired . | . . . . Parts Damaged . | . . . . Bothacking | -11 -10 -10 -10 ------------ Run | Yrd Mat Min Sub Used RIF Installer . | . . . . Robots Hacked . | . . . . Non-combat . | . . . . Combat . | . . . . Robot Hacks Applied . | . . . . Relay Couplers Released . | . . . . Fabnet Peak Effective % . | . . . . Robots Rewired . | . . . . Allies Hacked . | . . . . Hacks Repelled . | . . . . Allies | -11 -10 -10 -10 -------- Run | Yrd Mat Min Sub Total Allies 2 | . . 2 . Largest Group 2 | . . 2 . Highest-Rated Group 42 | . . 42 . Highest-Rated Ally 31 | . . 31 . Total Orders . | . . . . Ally Attacks 6 | . . 6 . Total Damage 40 | . . 40 . Kills 1 | . . 1 . Allies Corrupted . | . . . . Allies Melted . | . . . . Intel | -11 -10 -10 -10 ------- Run | Yrd Mat Min Sub Robot Analysis Total 3 | . 3 . . Derelict Logs Recovered . | . . . . Drone Launches . | . . . . Drone Recoveries . | . . . . Exploration | -11 -10 -10 -10 ------------- Run | Yrd Mat Min Sub Turns Passed 1348 | 49 805 110 384 Spaces Moved 1142 | 30 600 197 315 Core 54 | 2 16 . 36 Treads 17 | 15 2 . . Legs . | . . . . Wheels 770 | 13 582 7 168 Hover . | . . . . Flight 301 | . . 190 111 Fastest Speed 37 | 50 95 37 37 Average Speed 85 | 124 99 40 84 Slowest Speed 250 | 160 250 200 150 Overloaded Moves . | . . . . Propulsion Burnouts . | . . . . Robots Hopped . | . . . . Cave-ins Triggered . | . . . . Exploration Rate (%) 33 | 3 71 44 14 Regions Visited 3 Branch Regions 2 Pre-discovered Areas . | . . . . Known Exits Taken . | . . . . Unknown Exits Taken 3 | 1 1 1 . Scrap Searched 2 | . . 1 1 Spaces Dug . | . . . . Terrain Destroyed 212 | . . 16 196 Melee . | . . . . Projectile . | . . . . AOE 212 | . . 16 196 Terrain Rammed . | . . . . Walls Destroyed . | . . . . Machines Disabled . | . . . . Actions | -11 -10 -10 -10 --------- Run | Yrd Mat Min Sub Total 1361 | 38 723 221 379 Wait 56 | . 51 2 3 Move 1139 | 29 599 196 315 Hop . | . . . . Pick Up 11 | 2 5 3 1 Fast Attach 16 | 6 3 4 3 Attach 5 | . 1 1 3 Detach 1 | . . 1 . Swap 6 | 1 4 1 . Drop 11 | . 3 6 2 Fire 116 | . 57 7 52 Melee . | . . . . Ram . | . . . . Kick . | . . . . Crush . | . . . . Escape Stasis . | . . . . Rewire . | . . . . Trap . | . . . . Miscellaneous . | . . . . Route ------- -11/Scrapyard -10/Materials (discovered 3 exits: [*Mat x2] / [*Min]) -10/Mines -10/Subcaves History --------- Turn | Location | Event 40 | -11/Scrapyard | Discovered new exit (range 12) 50 | -11/Scrapyard | Entered Materials 87 | -10/Materials | Discovered new exit (range 10) 287 | -10/Materials | Discovered new exit (range 3) 295 | -10/Materials | Central database locked down 315 | -10/Materials | Build established: Mutant 434 | -10/Materials | Discovered new exit (range 3) 611 | -10/Materials | Core integrity fell below 50% 855 | -10/Materials | Entered Mines 896 | -10/Mines | Assembled infested the area 950 | -10/Mines | Received a Rocket Launcher from a helpful Derelict 960 | -10/Mines | Discovered new exit (range 10) 965 | -10/Mines | Entered Subcaves 973 | -10/Subcaves | Ambushed by Subdwellers from Twisted Machinery 984 | -10/Subcaves | Visited Clippyterm 1047 | -10/Subcaves | Lost 3 parts (1p2n) 1338 | -10/Subcaves | Core integrity fell below 20% 1349 | -10/Subcaves | Destroyed by 7J-W6M(R) with Subdweller Laser Last Messages --------------- 01151_ Subatomizers dissect the Disposable Heat Sink. 01219_ Triggered Piercing Trap. 01219_ Spikes shoot up from the floor. 01219_ Critical hit (Impale). 01219_ Rocket Launcher destroyed. 01219_ Critical hit (Impale). 01280_ V3-DOV(R) destroyed. 01288_ Acquired 39 matter. 01325_ EH-80S(R): "ARGHSUB!" 01326_ KI-HDC(R) destroyed. 01328_ Destroyed Sub. Monowheel. 01330_ Med. Laser destroyed. 01332_ EH-80S(R) destroyed. 01340_ Destroyed Sub. Monowheel. 01340_ Sub. Shrapnel Launcher destroyed. 01340_ Destroyed Sub. Shrapnel Launcher. 01340_ Sub. Power Source destroyed. 01340_ Destroyed Sub. Power Source. 01340_ Sensor Array destroyed. 01340_ Destroyed Sensor Array. Map ----- +----------------------------------------------------+ | ???????????????????????????????????????????#"""""# | | ???????????????????????????????????????????#""X""# | | ???????????????????????????????????????????#" "# | | ???????????????????????????????????????????### ### | | ???????????????????????????????????????????### ##? | | ?????????????????????????????????######???## ## | | ?????????????????????????????????# #?### # | | ?????????????????????????????##### ### ### | | ????????????????????????###### | | ????????????????????????#"# # # # | | ???????????????????????##; #### ## | | ???????????????????????#;; "## ##?# ##### | | ???????????????????????#; #### ##??# ##???? | | ??????????????????????## ; #?####???#####????? | | ??????????????????????# #?????????????????? | | ?????????????????????##; "#?????????????????? | | ?????????????????????# ; #?????????????????? | | ?????????????????????# ;# ""#????????????????? | | ?????????????????????# ; ;#####????????????????? | | ?????????????????????# ; ;; #???????????????????? | | ????????????????????### ##?#?????????????????? | | ???????????###### ###;;; ;#? #?????????????????? | | ??????????# # #??????????????????? | | ??????????; ;#???????????????????? | | ?????????? #???????????????????? | | ?????????? @ #???????????????????? | | ????????? #???????????????????? | | ?????????? & R ;##???????????????????? | | ??????????? ;#???????????????????? | | ??????????? #??????????????????? | | ???????????? "#??????????????????? | | ???????????? " ??????????????????? | | ???????????? ;; ;; ## #?????????????????? | | ????????????? "## ; #? #?????????????????? | | ????????????? ??# ;; ##? #?????????????????? | | ?????????????????# ;; ???? #?????????????????? | | ?????????????????###"" ???? ?????????????????? | | ???????????????????""" "????? ?????????????????? | | ?????????????????????" "??????#????????????????? | | ?????????????????????"" ????????????????????????? | | ???????????????????????##????????????????????????? | | ?????????????????????????????????????????????????? | | ?????????????????????????????????????????????????? | | ?????????????????????????????????????????????????? | | ?????????????????????????????????????????????????? | | ?????????????????????????????????????????????????? | | ?????????????????????????????????????????????????? | | ?????????????????????????????????????????????????? | | ?????????????????????????????????????????????????? | | ?????????????????????????????????????????????????? | +----------------------------------------------------+ Best States ------------- Heat Dissipation 25 Energy Generation 15 Energy Capacity 250 Matter Stores 300 Matter Capacity 300 Sight Range 16 Robot Scan Range 14 Terrain Scan Density 10 Weapon Shielding 33 Evasion (%) 62 Recoil Reduction 1 Offensive Hacking 10 Item Schematics ----------------- None Robot Schematics ------------------ None Fabricated ------------ Nothing Alien Tech Used ----------------- None Achievements -------------- None Challenges ------------ None Game ------ Seed MasterMeleePerforator Manual? 0 Play Time 00:20:33 Cumulative 206.4 hours Start 2024.04.27 @ 21:53:31 End 2024.04.27 @ 23:01:47 Sessions 1 Manual Loads 0 Difficulty Rogue Special Mode None Game No. 180 Rogue 172 Adventurer 0 Explorer 8 Win Type - Total 7 Types 4/0/1/2/0/0/0/0/0 Lore% 58 Gallery% 67 Achievement% 53 Wizard Run 0 Options --------- Layout 0 ASCII 0 Keyboard 0 Movement Mouse Keybinds 0 Fullscreen 2 Font 36/Terminus Map View 76x50 Zoom Use 0% Tactical HUD 1 Map Filters NONE Filters NONE Steam 1 RUN: adfca419-f7a1-42a4-9ddb-13d648b6192a